 Dungeon Crawl Stone Soup version 0.28.0-1-gb440e238dd (webtiles) character file.

Game seed: 15016583203344116904

28 hikkokomori the Digger (level 3, -3/19 HPs)
             Began as a Gargoyle Earth Elementalist on Feb 25, 2022.
             Slain by Terence (8 damage)
             ... on level 2 of the Dungeon.
             The game lasted 00:02:57 (1177 turns).

hikkokomori the Digger (GrEE)                       Turns: 1177, Time: 00:02:58

Health: -3/19      AC:  5    Str: 11    XL:     3   Next: 14%
Magic:  1/6        EV: 11    Int: 17    God:
Gold:   7          SH:  0    Dex: 10    Spells: 5/6 levels left

rFire   + . .      SeeInvis .   a - +0 dagger
rCold   . . .      Faith    .   (no shield)
rNeg    + . .      Spirit   .   b - +0 robe
rPois   ∞          Reflect  .   (no helmet)
rElec   +          Harm     .   (no cloak)
rCorr   +          Rampage  .   (no gloves)
Will    .....                   (no boots)
Stlth   ++........              (no amulet)
HPRegen 0.06/turn               e - ring of resist corrosion
MPRegen 0.10/turn               k - ring of protection from fire

@: no status effects
A: sickness immunity, AC +3, negative energy resistance 1, electricity
resistance, torment resistance 1, petrification resistance
a: no special abilities


You were on level 2 of the Dungeon.
You visited 1 branch of the dungeon, and saw 2 of its levels.

You collected 7 gold pieces.

Inventory:

Hand Weapons
 a - a +0 dagger (weapon)
Missiles
 c - 33 stones
 l - 2 poisoned darts
Armour
 b - a +0 robe (worn)
 j - a +0 ring mail
Jewellery
 e - a ring of resist corrosion (left hand)
 k - a ring of protection from fire (right hand)
Scrolls
 d - 3 scrolls of teleportation {unknown}
 f - 2 scrolls of fear {unknown}
 h - 2 scrolls of identify {unknown}
 i - a scroll of enchant armour {unknown}
Potions
 g - a potion of attraction {unknown}


   Skills:
 - Level 1.5 Dodging
 + Level 2.9 Stealth
 + Level 2.4 Spellcasting
 - Level 0.7 Transmutations
 + Level 4.1 Earth Magic


You had 5 spell levels left.
You knew the following spells:

 Your Spells              Type           Power      Damage    Failure   Level
a - Sandblast             Erth           32%        2d9       3%          1

Your spell library contained the following spells:

 Spells                   Type           Power      Damage    Failure   Level
 Passwall                 Tmut/Erth      8%         N/A       11%         2
 Stone Arrow              Conj/Erth      18%        3d8       24%         3
 Petrify                  Tmut/Erth      10%        N/A       56%         4


Dungeon Overview and Level Annotations

Branches:
Dungeon (2/15)

Altars:

Annotations:
D:2 Terence


Innate Abilities, Weirdness & Mutations

You are immune to sickness and miasma.
Your stone body is resilient. (AC +3)
You are immune to poison.
You resist negative energy. (rN+)
You are resistant to electric shocks. (rElec)
You are resistant to unholy torment.
You are immune to petrification.


Message History

Unknown command.
Casting: Sandblast (safe; 3% risk of failure)
Confirm with . or Enter, or press ? or * to list all spells.
Aiming: Sandblast (safe; 3% risk of failure)
Press: ? - help, Shift-Dir - straight line, f/p - Terence
Aim: Terence, wielding a +0 trident and wearing a +0 scale mail (severely wounded, poisoned, 82% to hit)
The blast of sand misses Terence.
Terence misses you.
Unknown command.
Casting: Sandblast (safe; 3% risk of failure)
Confirm with . or Enter, or press ? or * to list all spells.
Aiming: Sandblast (safe; 3% risk of failure)
Press: ? - help, Shift-Dir - straight line, f/p - Terence
Aim: Terence, wielding a +0 trident and wearing a +0 scale mail (severely wounded, poisoned, 82% to hit)
The blast of sand hits Terence but does no damage.
Terence is severely wounded.
Terence looks more healthy.
Terence hits you from afar with a +0 trident.
Casting: Sandblast (safe; 3% risk of failure)
Confirm with . or Enter, or press ? or * to list all spells.
Aiming: Sandblast (safe; 3% risk of failure)
Press: ? - help, Shift-Dir - straight line, f/p - Terence
Aim: Terence, wielding a +0 trident and wearing a +0 scale mail (severely wounded, 82% to hit)
The blast of sand hits Terence.
Terence is almost dead.
Terence hits you from afar with a +0 trident!
Casting: Sandblast (safe; 3% risk of failure)
Confirm with . or Enter, or press ? or * to list all spells.
You don't have enough magic to cast this spell.
Terence closely misses you.
You barely miss Terence.
Terence is almost dead.
Terence hits you with a +0 trident.
You barely miss Terence.
Terence is almost dead.
Terence hits you with a +0 trident.
* * * LOW HITPOINT WARNING * * *
You completely miss Terence.
Terence is almost dead.
Terence hits you with a +0 trident!
You die...

#. #<# .. #.# #.
#.# #. #.# #. #.#
#. #.#
######.##.#######
.........>†......
##.#.#.##@#######
#. #@# #. ...
#.#..#. #.#.(#..
..#.?# ## ###.(#
#..#


You could see Terence.

Vanquished Creatures
  4 ball pythons (D:1)
  2 bats
  An endoplasm (D:1)
  3 goblins (D:1)
  A hobgoblin (D:1)
  4 jackals (D:1)
  3 quokkas (D:1)
  2 frilled lizards (D:1)
  3 kobolds (D:1)
23 creatures vanquished.

Notes
Turn   | Place    | Note
-------+----------+-------------------------------------------
     0 | D:1      | hikkokomori the Gargoyle Earth Elementalist began the quest
                  | for the Orb.
     0 | D:1      | Reached XP level 1. HP: 10/10 MP: 3/3
   189 | D:1      | Reached XP level 2. HP: 15/15 MP: 3/5
   310 | D:1      | Reached skill level 4 in Earth Magic
   992 | D:1      | Reached XP level 3. HP: 19/19 MP: 3/6
  1145 | D:2      | Noticed Terence
  1177 | D:2      | Slain by Terence

Illustrated notes

Levels and vault maps discovered:
D:1:      minmay_arrival_four_houses, layout_basic
D:2:      layout_basic, chequers_serial_rivers_small_a, uniq_terence

Skill      XL: |  1  2 |
---------------+-------+-----
Earth Magic    | 4 |  4.1
Dodging        | |  1.5
Stealth        | |  2.9
Spellcasting   | |  2.4
Transmutations | |  0.7

Action                   || total
-------------------------++-------
Melee: Dagger            ||    32
Throw: Dart              ||     3
 Cast: Sandblast         ||    26
 Stab: Sleeping          ||     1
Armor: Robe              ||    15
Dodge: Dodged            ||    24
